 Dungeon Crawl Stone Soup version 0.26.1-12-g5ba1501909 (webtiles) character file.

Game seed: 10705143574994141382

53 Zeld the Sneak (level 3, 0/25 HPs)
             Began as an Octopode Brigand on Oct 28, 2021.
             Slain by a hound skeleton (3 damage)
             ... on level 2 of the Dungeon.
             The game lasted 00:00:51 (1459 turns).

Zeld the Sneak (Octopode Brigand)                   Turns: 1459, Time: 00:00:52

Health: 0/25       AC:  1    Str: 10    XL:     3   Next: 89%
Magic:  3/3        EV: 13    Int: 13    God:
Gold:   122        SH:  0    Dex: 14    Spells: 2/2 levels left

rFire    . . .     SeeInvis .   a - +2 dagger
rCold    . . .     Faith    .   (no shield)
rNeg     . . .     Spirit   .   (helmet restricted)
rPois    .         Reflect  .   (no amulet)
rElec    .         Harm     .   (no ring)
rCorr    .         Rampage  .   (no ring)
Will     .....                  (no ring)
Stlth    ++++......             (no ring)
HPRegen  0.08/turn              (no ring)
MPRegen  0.08/turn              (no ring)
                                (no ring)
                                (no ring)

@: lethally poisoned (0 -> -7)
A: almost no armour, stealthy swim, amphibious, 8 rings, constrict 8, camouflage
1, gelatinous body 1
a: no special abilities


You were on level 2 of the Dungeon.
You visited 1 branch of the dungeon, and saw 2 of its levels.

You collected 122 gold pieces.

Inventory:

Hand Weapons
 a - a +2 dagger (weapon)
Missiles
 b - 23 poisoned darts (quivered)
 c - 2 curare-tipped darts
Jewellery
 j - a +4 ring of evasion {unknown}
Scrolls
 d - 2 scrolls of fear {unknown}
 e - 3 scrolls of identify {unknown}
 g - 2 scrolls of fog {unknown}
 h - a scroll of enchant armour {unknown}
Potions
 f - a potion of might {unknown}
 i - 2 potions of curing {unknown}
 k - a potion of cancellation {unknown}
 l - a potion of ambrosia {unknown}


   Skills:
 * Level 2.6 Fighting
 * Level 2.6 Short Blades
 * Level 2.6 Throwing
 + Level 1.4 Dodging
 + Level 5.6 Stealth


You had 2 spell levels left.
You didn't know any spells.
Your spell library was empty.

Dungeon Overview and Level Annotations

Branches:
Dungeon (2/15)

Altars:


Innate Abilities, Weirdness & Mutations

You cannot wear most types of armour.
You are very stealthy in the water. (Stealth+)
You are amphibious.
You can wear up to eight rings at the same time.
You can use your tentacles to constrict eight enemies at once.
Your skin changes colour to match your surroundings (Stealth+).
Your rubbery body absorbs attacks. (AC +1, EV +1)


Message History

You feel sick. The bat hits you.
You are too injured to fight recklessly!
You are too injured to fight recklessly!
You hit the hound skeleton. You grab the hound skeleton.
The hound skeleton is moderately damaged.
You constrict the hound skeleton. The bat barely misses you.
The hound skeleton misses you.
You hit the hound skeleton.
The hound skeleton is moderately damaged.
You constrict the hound skeleton.
You feel sick. The hound skeleton bites you.
* * * LOW HITPOINT WARNING * * *
The bat barely misses you. The hound skeleton bites you.
* * * LOW HITPOINT WARNING * * *
You are too injured to fight recklessly!
You hit the hound skeleton.
The hound skeleton is severely damaged.
You constrict the hound skeleton.
* * * LOW HITPOINT WARNING * * *
You feel sick. The bat barely misses you. The hound skeleton bites you.
You die...

#.......#. .....
#......... .....
##......#.# #
#................ #.
#..#####........# #..
#..#............# (.
#..#.#........#.#
.#..#.##..#.#.######.#.#
.....gZ@..b..(....##.#.#
#####.##..#.#.###.##.#.#
# #..#.#.).#.##.#.#
#..#.#.#.#.##.#.#
#..#.#.#.#.##.#.#
#..#.###.#.##.#.#
#..#....[.....#.#
...####....####.#
...'....'....#


You could see a hobgoblin, a bat and a hound skeleton.

Vanquished Creatures
  2 adders (D:2)
  An ooze (D:2)
  A worm (D:2)
  A leopard gecko (D:2)
  2 bats (D:1)
  A goblin (D:2)
  4 hobgoblins
  4 jackals (D:1)
  5 kobolds
  3 frilled lizards
  5 rats
29 creatures vanquished.

Notes
Turn   | Place    | Note
-------+----------+-------------------------------------------
     0 | D:1      | Zeld the Octopode Brigand began the quest for the Orb.
     0 | D:1      | Reached XP level 1. HP: 14/14 MP: 1/1
   214 | D:1      | Reached XP level 2. HP: 19/19 MP: 2/2
  1104 | D:2      | Reached XP level 3. HP: 21/25 MP: 3/3
  1459 | D:2      | Slain by a hound skeleton

Illustrated notes

Levels and vault maps discovered:
D:1:      psy_arrival_fountain, layout_loops_ring
D:2:      layout_basic, fedhas_altar_1

Action                   || total
-------------------------++-------
Melee: Dagger            ||    51
       Constrict         ||    15
       Tentacles         ||    11
 Stab: Sleeping          ||    10
       Distracted        ||     1
Armor: Skin              ||     4
Dodge: Dodged            ||    33
